 Dungeon Crawl Stone Soup version 0.29-a0-330-g52719c12eb (webtiles) character file.

Game seed: 16722274485962164275

23 kae the Firebug (level 3, 0/22 HPs)
             Began as an Octopode Fire Elementalist on Apr 15, 2022.
             Slain by an orc wizard
             ... wielding a +0 dagger
              (2 damage)
             ... on level 3 of the Dungeon.
             The game lasted 00:00:59 (2141 turns).

kae the Firebug (Octopode Fire Elementalist)        Turns: 2141, Time: 00:01:00

Health: 0/22       AC:  1    Str:  7    XL:     3   Next: 0%
Magic:  0/6        EV: 13    Int: 19    God:
Gold:   112        SH:  0    Dex: 12    Spells: 5/6 levels left

rFire   . . .      SeeInvis .   (no weapon)
rCold   . . .      Faith    .   (no shield)
rNeg    . . .      Spirit   .   (helmet restricted)
rPois   .          Reflect  .   (no amulet)
rElec   .          Harm     .   (no ring)
rCorr   .          Rampage  .   (no ring)
Will    .....                   (no ring)
Stlth   +++.......              (no ring)
HPRegen 0.07/turn               (no ring)
MPRegen 0.10/turn               (no ring)
                                (no ring)
                                (no ring)

@: very slightly contaminated
A: almost no armour, amphibious, 8 rings, camouflage 1, gelatinous body 1,
(nimble swimmer 1), tentacles
a: no special abilities


You were on level 3 of the Dungeon.
You visited 1 branch of the dungeon, and saw 3 of its levels.

You collected 112 gold pieces.

Inventory:

Scrolls
 d - 3 scrolls of teleportation
Potions
 a - a potion of magic
 c - 2 potions of might
 h - a potion of degeneration {unknown}
 i - 2 potions of curing {unknown}
 l - 2 potions of attraction {unknown}
 m - a potion of invisibility {unknown}


   Skills:
 + Level 0.8 Fighting
 + Level 2.1 Dodging
 + Level 3.0 Stealth
 + Level 2.1 Spellcasting
 + Level 1.3 Conjurations
 * Level 3.3 Fire Magic


You had 5 spell levels left.
You knew the following spells:

 Your Spells              Type           Power      Damage    Failure   Level
a - Foxfire               Conj/Fire      40%        2x1d6     6%          1

Your spell library contained the following spells:

 Spells                   Type           Power      Damage    Failure   Level
 Scorch                   Fire           28%        2d6       6%          2
 Apportation              Tloc           4%         N/A       17%         1
 Conjure Flame            Conj/Fire      10%        6-21      19%         3
 Inner Flame              Hex/Fire       8%         N/A       26%         3
 Flame Wave               Conj/Fire      10%        2d5       54%         4
 Alistair's Intoxication  Tmut/Pois      1%         N/A       99%         5


Dungeon Overview and Level Annotations

Branches:
Dungeon (3/15)

Altars:

Annotations:
D:2 Jessica, Terence


Innate Abilities, Weirdness & Mutations

You cannot wear most types of armour.
You are amphibious.
You can wear up to eight rings at the same time.
Your skin changes colour to match your surroundings (Stealth+).
Your rubbery body absorbs attacks. (AC +1, EV +1)
((You are camouflaged when in or above water. (Stealth+)))
You have tentacles for arms and can constrict up to eight enemies at once.


Message History

Casting: Foxfire (safe; 6% risk of failure)
Confirm with . or Enter, or press ? or * to list all spells.
You don't know that spell.
Casting: Foxfire (safe; 6% risk of failure)
Confirm with . or Enter, or press ? or * to list all spells.
There is not enough space to conjure foxfire!
Your foxfire dissipates!
The orc wizard attacks as you move away!
The orc wizard hits you with a +0 dagger.
An orc comes into view. It is wielding a +0 short sword.
You see here a frilled lizard corpse.
The orc wizard casts a spell.
The orc wizard flickers and vanishes!
Deactivating autopickup; reactivate with Ctrl-A.
Casting: Foxfire (safe; 6% risk of failure)
Confirm with . or Enter, or press ? or * to list all spells.
You conjure some foxfire!
The foxfire hits something but does no damage. x2
Something hits you.
Casting: Foxfire (safe; 6% risk of failure)
Confirm with . or Enter, or press ? or * to list all spells.
You miscast Foxfire.
You are very lightly contaminated with residual magic.
Nothing appears to happen.
Something hits you.
Casting: Foxfire (safe; 6% risk of failure)
Confirm with . or Enter, or press ? or * to list all spells.
You conjure some foxfire!
The foxfire hits something.
The foxfire hits something.
You barely miss the orc. Your grab misses the orc. The orc closely misses you.
Something hits you but does no damage.
You tentacle-slap the orc. You grab the orc.
The orc is lightly wounded.
You constrict the orc. The orc closely misses you. Something hits you.
* * * LOW HITPOINT WARNING * * *
You tentacle-slap the orc.
The orc is heavily wounded.
You constrict the orc. The orc hits you with a +0 short sword.
* * * LOW HITPOINT WARNING * * *
Something hits you.
You die...

#. ... ###.# ...#
#####..# ##### .#
...#... #...
..##.##.#####.#### #
#.......).†.o@...#
#..###.##.#####{##.#
.#..v§§§........)#
.....##).#.....### .
#.....#........ .
#..##.#.....##. ..
#..##.#.....# ..
#...#......##
...#.#.#...####


You could see an orc.

Vanquished Creatures
  An adder (D:2)
  An orc (D:3)
  A giant cockroach (D:2)
  A goblin (D:3)
  A hobgoblin (D:1)
  2 jackals (D:1)
  2 quokkas
  A bat (D:3)
  A frilled lizard (D:3)
  A kobold (D:3)
  A rat (D:1)
13 creatures vanquished.

Vanquished Creatures (others)
  57 foxfires
57 creatures vanquished.

Grand Total: 70 creatures vanquished

Notes
Turn   | Place    | Note
-------+----------+-------------------------------------------
     0 | D:1      | kae the Octopode Fire Elementalist began the quest for the
                  | Orb.
     0 | D:1      | Reached XP level 1. HP: 11/11 MP: 3/3
   462 | D:1      | Found a faded altar of an unknown god.
  1016 | D:2      | Reached XP level 2. HP: 18/18 MP: 0/5
  1227 | D:2      | Noticed Jessica
  1427 | D:2      | Noticed Terence
  2118 | D:3      | Reached XP level 3. HP: 15/22 MP: 2/6
  2141 | D:3      | Slain by an orc wizard

Illustrated notes

Levels and vault maps discovered:
D:1:      lemuel_arrival_funnel, layout_basic,
          hellmonk_ecumenical_altar_crossroads
D:2:      layout_loops_ring, uniq_terence, uniq_jessica
D:3:      layout_basic, ashenzari_altar_1, mainiacjoe_overflow_tiny_flanked

Skill      XL: |  1  2 |
---------------+-------+-----
Stealth        | 3 |  3.0
Fighting       | |  0.8
Dodging        | |  2.1
Spellcasting   | |  2.1
Conjurations   | |  1.3
Fire Magic     | |  3.3

Action                   || total
-------------------------++-------
Melee: Unarmed           ||    18
       Constrict         ||     4
 Cast: Foxfire           ||    33
  Use: Scroll            ||     7
Armor: Skin              ||     2
Dodge: Dodged            ||    11

Table legend: (Time is in decaauts)
 A = Elapsed time spent in this place.
 B = Non-inter-level travel time spent in this place.
 C = Inter-level travel time spent in this place.
 D = Time resting spent in this place.
 E = Time spent auto-exploring this place.
 F = Levels seen in this place.
 G = Mean time per level.
                   A        B        C        D        E       F      G
               +--------+--------+--------+--------+--------+-----+--------+
         Total |   2141 |   2052 |     89 |    115 |   1769 |   3 |  713.7 |
       Dungeon |   2141 |   2052 |     89 |    115 |   1769 |   3 |  713.7 |
               +--------+--------+--------+--------+--------+-----+--------+

Top non-repeatable levels by time:
     D:2: 1053 daAuts
     D:1: 984 daAuts
     D:3: 103 daAuts
